 Dungeon Crawl Stone Soup version 0.29-a0-977-g7483850d73 (webtiles) character file.

Game seed: 15262501571441193511

4432 Garessta the Thaumaturge (level 10, -5/76 HPs)
             Began as a Djinni Hedge Wizard on July 31, 2022.
             Killed from afar by a gargoyle (24 damage)
             ... with a stone arrow
             ... on level 9 of the Dungeon on Aug 1, 2022.
             The game lasted 00:29:32 (11474 turns).

Garessta the Thaumaturge (Djinni Hedge Wizard)     Turns: 11474, Time: 00:29:33

Health: -5/76      AC:  5    Str:  9    XL:     10   Next: 62%
Gold:   538        EV: 13    Int: 21    God:
                   SH:  4    Dex: 12

rFire   + + .      SeeInvis .   E - +6 flail "Usutits" {vamp, rPois rN+ Will+}
rCold   x . .      Faith    .   I - +0 buckler
rNeg    + . .      Spirit   .   H - +0 steam dragon scales
rPois   ∞          Reflect  .   c - +0 hat
rElec   .          Harm     .   (no cloak)
rCorr   .          Rampage  .   (no gloves)
Will    ++...                   (boots unavailable)
Stlth   ++........              (no amulet)
HPRegen 0.22/turn               (no ring)
MPRegen 0.00/turn               (no ring)

@: flying
A: sickness immunity, fire resistance 2, cold vulnerability 1, float, innate
caster, HP casting, extra vitality 1
a: no special abilities


You were on level 9 of the Dungeon.
You visited 2 branches of the dungeon, and saw 10 of its levels.

You collected 538 gold pieces.

Inventory:

Hand Weapons
 f - a +0 dagger of venom
 E - the +6 flail "Usutits" (weapon) {vamp, rPois rN+ Will+}
   (You found it on level 7 of the Dungeon)

   It occasionally heals its wielder for a portion of the damage dealt when it
   wounds a living foe.
   rPois:     It protects you from poison.
   rN:        It protects you from negative energy.
   Will:      It increases your willpower.
Missiles
 a - a throwing net
 y - 6 boomerangs
Armour
 c - a +0 hat (worn)
 H - +0 steam dragon scales (worn)
 I - a +0 buckler (worn)
 J - a +0 tower shield of positive energy
Magical Staves
 q - a staff of poison
 w - a staff of fire
Jewellery
 K - an amulet of faith
Wands
 s - a wand of mindburst (12)
 C - a wand of digging (1)
 F - a wand of flame (16)
 G - a wand of iceblast (4)
Scrolls
 e - 4 scrolls of blinking {unknown}
 h - 3 scrolls of immolation {unknown}
 j - 2 scrolls of teleportation
 l - 2 scrolls of enchant weapon
 n - 2 scrolls of magic mapping
 o - 2 scrolls of fear
 u - a scroll of brand weapon
 B - a scroll of torment {unknown}
 D - a scroll of vulnerability
Potions
 b - a potion of cancellation {unknown}
 d - a potion of flight {unknown}
 g - a potion of might {unknown}
 i - 2 potions of curing
 k - a potion of magic {unknown}
 m - a potion of ambrosia {unknown}
 p - a potion of berserk rage {unknown}
 r - a potion of degeneration {unknown}
 t - a potion of heal wounds {unknown}
 v - a potion of brilliance {unknown}
 x - a potion of attraction {unknown}
 z - 2 potions of invisibility {unknown}
 A - a potion of resistance {unknown}


   Skills:
 + Level 7.9 Fighting
 + Level 5.7 Dodging
 - Level 1.5 Stealth
 + Level 1.5 Shields
 * Level 9.1 Spellcasting


You had 5 spell levels left.
You knew the following spells:

 Your Spells              Type           Power      Damage    Failure   Level
a - Foxfire               Conj/Fire      100%       2x1d9     1%          1
b - Call Imp              Summ           48%        N/A       1%          2
c - Mephitic Cloud        Conj/Pois/Air  48%        N/A       1%          3
d - Magic Dart            Conj           100%       1d8       1%          1
e - Static Discharge      Conj/Air       48%        3-9/arc   1%          2
f - Leda's Liquefaction   Hex/Erth       24%        N/A       2%          4
g - Slow                  Hex            100%       N/A       1%          1
h - Spider Form           Tmut/Pois      48%        N/A       1%          3
i - Conjure Flame         Conj/Fire      48%        6-21      1%          3
p - Blink                 Tloc           96%        N/A       1%          2
Your spell library was empty.

Dungeon Overview and Level Annotations

Branches:
Dungeon (9/15)             Temple (1/1) D:4            Lair (0/5) D:8
    Orc: D:9-12

Altars:
Cheibriados
Dithmenos
Elyvilon
Fedhas
Gozag
Hepliaklqana
Nemelex Xobeh
Okawaru
Ru
Trog
Uskayaw
Wu Jian
Xom
Yredelemnul
Zin


Innate Abilities, Weirdness & Mutations

You are immune to sickness and miasma.
You are immune to poison.
Your flesh is very heat resistant. (rF++)
You are vulnerable to cold. (rC-)
You float through the air rather than walking.
You learn spells naturally, not from books.
Your magical power is your life essence.
You have superior vitality. (+4 MHP)


Message History

The foxfire hits the gargoyle.
The gargoyle is severely damaged.
The foxfire hits the gargoyle but does no damage.
The gargoyle is severely damaged.
The foxfire hits the gargoyle but does no damage.
The gargoyle is severely damaged.
The gargoyle hurls a stone arrow at you.
The stone arrow misses you.
You conjure some foxfire!
The gargoyle hits you with a +0 mace!
You conjure some foxfire!
The foxfire hits the gargoyle but does no damage.
The gargoyle is severely damaged.
The gargoyle hits you with a +0 mace!
* * * LOW HITPOINT WARNING * * *
You swap places.
The foxfire hits the gargoyle but does no damage.
The gargoyle is severely damaged.
The foxfire hits the gargoyle but does no damage.
The gargoyle is severely damaged.
The foxfire hits the gargoyle but does no damage.
The gargoyle is severely damaged.
The gargoyle hurls a stone arrow at you.
The stone arrow misses you.
Your white imp gestures at the gargoyle.
The puff of frost hits the gargoyle!
The gargoyle hits your white imp with a +0 mace!
Your white imp dies!
Your white imp disappears in a puff of smoke!
Unknown command.
You conjure some foxfire!
* * * LOW HITPOINT WARNING * * *
You conjure some foxfire!
* * * LOW HITPOINT WARNING * * *
The foxfire hits the gargoyle but does no damage.
The gargoyle is almost destroyed.
The foxfire hits the gargoyle but does no damage.
The gargoyle is almost destroyed.
The gargoyle hurls a stone arrow at you.
The stone arrow hits you!!
You die...

##.# ####..#
#....## ##.####
#+# #.....# ...
#.....# #######...
#.....###.....'...
#v§.......#####...
#@v§..##### §..
#.....# ...
#9....# ...
#.....# ###
#.....# #.##.##
.....# ≈≈≈≈ ≈.
......≈≈


You could see a gargoyle (ally target).

Vanquished Creatures
  An oklob plant (D:6)
  Maggie (D:8)
  Grinder (D:3)
  Prince Ribbit (D:5)
  A wyvern (D:7)
  3 yaks (D:9)
  Menkaure (D:5)
  A sky beast (D:7)
  2 ogres
  A centaur (D:7)
  A kobold brigand (D:8)
  4 phantoms
  2 bullfrogs
  2 necrophages (D:7)
  4 wights (D:7)
  A howler monkey (D:8)
  2 electric eels (D:8)
  7 jellies (D:6)
  A gnoll bouda (D:6)
  5 orc priests
  2 iguanas
  5 orc wizards
  6 adders
  12 gnolls
  2 shadow imps (D:5)
  2 white imps
  3 ufetubi
  A worm (D:3)
  2 dart slugs
  17 orcs
  18 endoplasms
  4 giant cockroaches
  10 goblins
  6 hobgoblins
  2 jackals (D:2)
  10 kobolds
  4 quokkas
  6 ball pythons
  4 bats
  5 frilled lizards
  7 rats
170 creatures vanquished.

Vanquished Creatures (collateral kills)
  A vampire (D:9)
  An ogre (D:5)
  A kobold brigand (D:8)
  A wight (D:7)
  An orc priest (D:4)
  A jelly (D:6)
  2 iguanas (D:5)
  An orc wizard (D:6)
  A gnoll (D:6)
  A worm (D:4)
  A dart slug (D:3)
  An orc (D:6)
  A ball python (D:2)
  2 endoplasms (D:6)
  A giant cockroach (D:4)
  A goblin (D:2)
  2 jackals (D:2)
  4 kobolds
  A rat (D:3)
  3 foxfires (D:8)
28 creatures vanquished.

Vanquished Creatures (others)
  585 foxfires
  8 fungi (D:6)
  10 plants (D:2)
603 creatures vanquished.

Grand Total: 801 creatures vanquished

Notes
Turn   | Place    | Note
-------+----------+-------------------------------------------
     0 | D:1      | Garessta the Djinni Hedge Wizard began the quest for the
                  | Orb.
     0 | D:1      | Garessta set off with the following spells memorised: Magic
                  | Dart, Blink, Call Imp, Slow, Conjure Flame, Mephitic Cloud.
     0 | D:1      | Reached XP level 1. HP: 15/15 MP: 0/0
   674 | D:1      | Reached XP level 2. HP: 18/22 MP: 0/0
   885 | D:1      | Reached skill level 1 in Fighting
  1372 | D:1      | Reached XP level 3. HP: 17/27 MP: 0/0
  1372 | D:1      | Learned a level 1 spell: Foxfire
  1588 | D:1      | Reached skill level 3 in Spellcasting
  1642 | D:1      | Found a faded altar of an unknown god.
  2492 | D:2      | Reached XP level 4. HP: 28/33 MP: 0/0
  3134 | D:3      | Noticed Grinder
  3158 | D:3      | Killed Grinder
  3159 | D:3      | Reached skill level 4 in Spellcasting
  3159 | D:3      | Reached XP level 5. HP: 25/40 MP: 0/0
  3159 | D:3      | Learned a level 2 spell: Static Discharge
  3159 | D:3      | Reached XP level 6. HP: 28/46 MP: 0/0
  3966 | D:4      | Reached XP level 7. HP: 30/51 MP: 0/0
  3966 | D:4      | Learned a level 3 spell: Spider Form
  4180 | D:4      | Found a staircase to the Ecumenical Temple.
  4197 | D:4      | Reached skill level 5 in Spellcasting
  4200 | D:4      | You are sucked into a shaft and drop 3 floors!
  4201 | D:7      | Noticed a wyvern
  4647 | D:6      | Reached XP level 8. HP: 53/58 MP: 0/0
  5044 | D:6      | Reached skill level 6 in Spellcasting
  5215 | D:5      | Entered Level 5 of the Dungeon
  5235 | D:5      | Reached skill level 5 in Fighting
  5423 | D:5      | Found a bloodstained altar of Trog.
  5507 | Temple   | Entered the Ecumenical Temple
  6945 | D:5      | Noticed Menkaure
  6948 | D:5      | Noticed Prince Ribbit
  6950 | D:5      | Killed Menkaure
  6951 | D:5      | Reached skill level 7 in Spellcasting
  6951 | D:5      | Reached XP level 9. HP: 58/66 MP: 0/0
  6951 | D:5      | Learned a level 4 spell: Leda's Liquefaction
  6975 | D:5      | Killed Prince Ribbit
  7929 | D:6      | Noticed an oklob plant
  8809 | D:6      | Killed an oklob plant
  8810 | D:6      | Reached skill level 8 in Spellcasting
  9047 | D:7      | Identified the +6 flail "Usutits" {vamp, rPois rN+ Will+}
  9147 | D:7      | Upgraded the game from 0.29-a0-972-g43c84944fd to
                  | 0.29-a0-977-g7483850d73
  9318 | D:7      | Reached XP level 10. HP: 70/75 MP: 0/0
  9875 | D:8      | Noticed Maggie
  9900 | D:8      | Killed Maggie
  9901 | D:8      | Reached skill level 5 in Dodging
 10327 | D:8      | Found an opulent altar of Gozag.
 10397 | D:8      | Found a staircase to the Lair.
 10989 | D:9      | Reached skill level 9 in Spellcasting
 11001 | D:9      | Found a shadowy altar of Dithmenos.
 11049 | D:9      | Reached skill level 1 in Shields
 11458 | D:9      | Noticed a gargoyle
 11474 | D:9      | Killed from afar by a gargoyle

Illustrated notes

Levels and vault maps discovered:
D:1:      dpeg_arrival_short_road, layout_basic,
          shapermc_ecumenical_altar_mp_highgroup, minmay_pentomino_r4
D:2:      layout_basic, serial_bayou_lagoon_a, minmay_surrounded
D:3:      layout_loops_ring, amethyst_killhole, uniq_grinder
D:4:      layout_basic, minmay_temple_entry_glass
D:5:      layout_cave_pools, nicolae_overflow_crystal_walls, uniq_menkaure,
          uniq_prince_ribbit1
D:6:      lemuel_slime, layout_gridville, grunt_decor_clamped
D:7:      layout_cave_pools
D:8:      layout_basic, mainiacjoe_overflow_boulevard, amcnicky_altar_gilded,
          lair_entry_dummy, nrook_uturn, minmay_door_square,
          nicolae_underground_beach, uniq_maggie
D:9:      layout_roguey, nicolae_dithmenos_through_a_glass_darkly,
          nicolae_overflow_squiral, david_orc_5,
          minmay_fractal_squares_gapless_5
Temple:   jpeg_temple_clearing

Skill      XL: |  1  2  3  4  5  6  7  8  9 10 |
---------------+-------------------------------+-----
Fighting       | 1 3 4 5 7 |  7.9
Spellcasting   | 3 4 5 7 8 9 |  9.1
Dodging        | 4 5 |  5.7
Shields        | 1 |  1.5
Stealth        | |  1.5

Action                   |  1- 3 |  4- 6 |  7- 9 | 10-12 || total
-------------------------+-------+-------+-------+-------++-------
Melee: Dagger            |    26 |    22 |       |       ||    48
       Punch             |       |     1 |       |       ||     1
       Staff             |       |       |     3 |       ||     3
       Flail             |       |       |     4 |     8 ||    12
 Cast: Magic Dart        |    63 |    27 |    58 |     5 ||   153
       Call Imp          |     4 |     7 |    27 |    11 ||    49
       Foxfire           |     2 |    19 |   200 |   106 ||   327
       Static Discharge  |       |     1 |     4 |       ||     5
       Blink             |       |       |     1 |     1 ||     2
       Mephitic Cloud    |       |       |    11 |     6 ||    17
       Leda's Liquefacti |       |       |     1 |       ||     1
Evoke: Wand              |       |       |     1 |       ||     1
  Use: Scroll            |       |       |     6 |     2 ||     8
 Stab: Sleeping          |     3 |     5 |       |     1 ||     9
       Confused          |       |       |       |     1 ||     1
Armor: Robe              |     5 |    12 |     2 |       ||    19
       Steam dragon scal |       |       |       |     3 ||     3
Dodge: Dodged            |    26 |    25 |    20 |    11 ||    82
Block: Buckler           |       |       |       |     1 ||     1

Table legend: (Time is in decaauts)
 A = Elapsed time spent in this place.
 B = Non-inter-level travel time spent in this place.
 C = Inter-level travel time spent in this place.
 D = Time resting spent in this place.
 E = Time spent auto-exploring this place.
 F = Levels seen in this place.
 G = Mean time per level.
                   A        B        C        D        E       F      G
               +--------+--------+--------+--------+--------+-----+--------+
         Total |  11483 |  10756 |    727 |    610 |   8613 |  10 | 1148.3 |
       Dungeon |  11307 |  10597 |    710 |    610 |   8469 |   9 | 1256.3 |
        Temple |    175 |    158 |     17 |      0 |    144 |   1 |  175.0 |
               +--------+--------+--------+--------+--------+-----+--------+

Top non-repeatable levels by time:
     D:6: 2238 daAuts
     D:1: 1843 daAuts
     D:4: 1828 daAuts
     D:8: 1184 daAuts
     D:2: 1024 daAuts
     D:3: 1014 daAuts
     D:7: 904 daAuts
     D:5: 779 daAuts
     D:9: 490 daAuts
  Temple: 175 daAuts
